 Dungeon Crawl Stone Soup version 0.20.0-10-g0535bb4 (webtiles) character file.

124 maniacrov the Ducker (level 5, -1/41 HPs)
             Began as a Merfolk Gladiator on June 6, 2017.
             Killed from afar by an adder (27 damage)
             ... with an exploding inner flame
             ... hexed by the player character
             ... on level 4 of the Dungeon.
             The game lasted 00:10:34 (2614 turns).

maniacrov the Ducker (Merfolk Gladiator)            Turns: 2614, Time: 00:10:35

Health: -1/41      AC:  4    Str: 15    XL:     5   Next: 8%
Magic:  5/5        EV: 15    Int:  7    God:
Gold:   197        SH:  0    Dex: 16    Spells: 4/4 levels left

rFire    . . .     SeeInvis .   a - +0 long sword
rCold    . . .     Gourm    .   (no shield)
rNeg     . . .     Faith    .   b - +0 leather armour
rPois    .         Spirit   .   c - +0 helmet
rElec    .         Reflect  .   (no cloak)
rCorr    .         Harm     .   (no gloves)
MR       .....                  (no boots)
Stlth    +.........             (no amulet)
Regen    0.2/turn               (no ring)
MPRegen  0.1/turn               (no ring)

@: very slightly contaminated
A: change form in water, swift swim, stealthy swim
a: no special abilities


You were on level 4 of the Dungeon.
You were not hungry.

You visited 1 branch of the dungeon, and saw 4 of its levels.

You collected 197 gold pieces.

Inventory:

Hand Weapons
 a - a +0 long sword (weapon)
Missiles
 d - 3 throwing nets
 r - 3 tomahawks (quivered)
Armour
 b - a +0 leather armour (worn)
 c - a +0 helmet (worn)
 g - a +2 animal skin
 n - a cursed -1 pair of boots
Jewellery
 i - a cursed amulet of inaccuracy {unknown}
Scrolls
 h - a scroll of recharging
 o - a scroll of remove curse
 q - a scroll of identify
Potions
 e - 2 potions of ambrosia {unknown}
 j - a potion of curing {unknown}
 k - a potion of heal wounds {unknown}
 m - a potion of agility {unknown}
Comestibles
 f - 3 bread rations
 l - 2 meat rations


   Skills:
 + Level 3.6 Fighting
 + Level 4.0 Long Blades
 + Level 3.1 Throwing
 + Level 4.9 Dodging


You had 4 spell levels left.
You didn't know any spells.

Dungeon Overview and Level Annotations

Branches:
Dungeon (4/15)
 Temple: D:4-7

Altars:
Vehumet


Message History

You hit the adder but do no damage.
The adder is severely wounded.
The adder closely misses you.
The phantom blinks! x2
The adder barely misses you.
You riposte.
You miss the adder.
The adder is severely wounded.
You miss the adder.
The adder is severely wounded.
The phantom blinks!
The adder barely misses you.
You closely miss the adder.
The adder is heavily wounded.
The adder bites you. The adder completely misses you.
You riposte.
You slash the adder!
The adder explodes!
The fiery explosion engulfs the worm.
The worm explodes!
The fiery explosion engulfs the adder skeleton.
The adder skeleton explodes!
The fiery explosion engulfs you!
Ouch! That really hurt!
You die...

..#.# ... #.#.#
.... ....#
##########....
#..####............
#......<.<.......
##...........##
....Z##......§.#
..####.......§§###
. ..........W§§§@#
####.#..§.$§§#....#
...#...%..)####.#
#####.......# ..
#.......# ...
#####.### ## #. #.


You could see a phantom (inner flame).

Vanquished Creatures
  Jessica (D:2)
  Robin (D:3)
  2 adders
  An adder skeleton (D:4)
  2 worms
  2 dart slugs
  5 leopard geckos
  2 orcs (D:3)
  4 bats
  13 goblins
  4 hobgoblins
  6 kobolds
  A quokka (D:3)
  3 frilled lizards
  3 rats
50 creatures vanquished.

Notes
Turn   | Place    | Note
-------+----------+-------------------------------------------
     0 | D:1      | maniacrov the Merfolk Gladiator began the quest for the Orb.
     0 | D:1      | Reached XP level 1. HP: 16/16 MP: 1/1
   395 | D:1      | Reached XP level 2. HP: 22/22 MP: 2/2
   936 | D:2      | Noticed Jessica
   941 | D:2      | Reached XP level 3. HP: 24/28 MP: 3/3
   948 | D:2      | Killed Jessica
   964 | D:2      | Found a radiant altar of Vehumet.
  1139 | D:2      | Reached XP level 4. HP: 32/34 MP: 4/4
  2059 | D:3      | Noticed Robin
  2140 | D:3      | Killed Robin
  2369 | D:3      | Reached XP level 5. HP: 41/41 MP: 5/5
  2587 | D:4      | Noticed a phantom
  2587 | D:4      | Noticed a phantom
  2614 | D:4      | Killed from afar by an adder

Skill      XL: |  1  2  3  4 |
---------------+-------------+-----
Fighting       | 3 |  3.6
Throwing       | 3 |  3.1
Long Blades    | 4 |  4.0
Dodging        | |  4.9

Action                   |  1- 3 |  4- 6 || total
-------------------------+-------+-------++-------
Melee: Long sword        |    37 |    75 ||   112
Throw: Tomahawk          |    17 |    17 ||    34
  Use: Scroll            |     4 |     3 ||     7
       Potion            |     1 |       ||     1
 Stab: Sleeping          |     2 |       ||     2
  Eat: Meat ration       |     1 |       ||     1
Armor: Leather armour    |    11 |    20 ||    31
       Skin              |       |     9 ||     9
Dodge: Dodged            |    25 |    78 ||   103
       Rpst.: Long sword |     9 |    24 ||    33
